Map: King Sejong Station LE

Players

Elazer

  • Race: Zerg Zerg
  • League: Master

PtitDrogo - Winner!

  • Race: Protoss Protoss

VOD

Have the link to the VOD?

Description

Time

  • Played on: Nov. 23, 2016, 2:34 p.m.
  • Length: 16:50
Show
View Real Time Build Order
Export as new Build Order

Elazer Zerg 

Build Orders: Hatch First 

Get SALT Encoding   

  12  0:00  Drone  
  13  0:12  Overlord  
  13  0:17  Drone  
  14  0:30  Drone x2  
  16  0:50  Hatchery  
  16  0:51  Drone  
  16  0:55  Drone  
  17  0:58  Drone  
  18  1:09  Extractor  
  17  1:13  Spawning Pool  
  17  1:17  Drone  
  17  1:20  Drone  
  18  1:28  Drone  
  19  1:42  Overlord  
  19  1:50  Drone  
  20  2:00  Queen, Drone  
  23  2:01  Queen  
  23  2:02  Zergling x2  
  26  2:08  Metabolic Boost  
  26  2:10  Drone  
  26  2:13  Drone  
  29  2:22  Drone  
  29  2:23  Drone  
  30  2:38  Hatchery  
  30  2:40  Drone  
  30  2:43  Zergling x2  
  31  2:46  Pneumatized Carapace  
  31  2:50  Drone  
  32  2:54  Overlord  
  32  2:57  Drone  
  33  2:59  Drone  
  34  3:07  Drone x2  
  36  3:13  Drone x4  
  36  3:18  Drone  
  41  3:20  Overlord  
  41  3:22  Drone  
  42  3:27  Queen  
  44  3:35  Spore Crawler  
  44  3:40  Queen  
  45  3:44  Drone  
  45  3:45  Drone x4  
  50  3:49  Spore Crawler, Drone  
  50  3:51  Drone  
  50  3:53  Drone  
  52  3:57  Drone  
  52  3:59  Drone  
  52  4:00  Drone x2  
  51  4:08  Drone x2  
  50  4:15  Queen  
  52  4:21  Spore Crawler  
  52  4:22  Drone  
  52  4:23  Drone  
  53  4:24  Drone  
  53  4:26  Drone  
  53  4:28  Drone  
  53  4:29  Drone  
  53  4:31  Zergling x2  
  58  4:35  Overlord  
  58  4:37  Extractor  
  58  4:38  Zergling x4, Extractor  
  57  4:47  Zergling x2  
  57  4:48  Overlord  
  59  5:00  Zergling x6  
  59  5:03  Drone x5  
  59  5:04  Evolution Chamber, Drone  
  59  5:05  Extractor  
  65  5:11  Drone x5  
  67  5:21  Drone x2  
  69  5:24  Overlord  
  69  5:26  Drone x5  
  74  5:30  Zerg Melee Weapons Level 1  
  74  5:31  Overlord  
  74  5:35  Lair, Overlord  
  74  5:36  Overlord  
  74  5:39  Overlord  
  74  5:47  Overlord  
  74  5:50  Spore Crawler  
  74  5:52  Drone  
  74  5:53  Extractor x2  
  74  5:55  Drone x3  
  75  5:59  Spore Crawler  
  75  6:00  Drone x4  
  78  6:04  Overlord  
  78  6:06  Drone  
  78  6:07  Hatchery, Spore Crawler, Drone x2  
  78  6:10  Drone  
  80  6:11  Drone x3  
  80  6:18  Zergling x2  
  84  6:23  Overlord  
  84  6:24  Extractor  
  84  6:25  Drone  
  84  6:26  Extractor  
  84  6:27  Zergling x2  
  84  6:28  Zergling x4  
  84  6:29  Zergling x2  
  87  6:33  Hatchery, Drone x4  
  87  6:37  Infestation Pit  
  87  6:38  Overlord  
  89  6:41  Overlord  
  87  6:48  Drone  
  87  6:50  Drone  
  87  6:52  Overlord  
  87  6:53  Zergling x8  
  93  6:56  Queen  
  93  6:59  Queen  
  97  7:05  Drone  
  97  7:12  Overlord  
  97  7:19  Hatchery, Infestor x5  
  100  7:37  Queen  
  100  7:38  Queen  
  100  7:39  Overlord  
  103  7:46  Overlord  
  103  7:51  Overlord  
  103  7:56  Drone x3  
  103  7:57  Drone x7  
  113  8:02  Hive, Queen  
  113  8:04  Zerg Melee Weapons Level 2  
  113  8:06  Drone  
  113  8:08  Evolution Chamber  
  113  8:11  Zergling x8  
  117  8:14  Queen  
  119  8:22  Queen  
  110  8:37  Zergling x2  
  110  8:38  Zergling x12  
  113  8:48  Zerg Ground Armor Level 1  
  113  8:50  Queen  
  113  8:53  Hydralisk Den  
  114  9:04  Zergling x20  
  114  9:05  Zergling x6  
  114  9:07  Queen  
  114  9:09  Queen  
  125  9:10  Hatchery  
  125  9:14  Queen  
  125  9:22  Overseer  
  125  9:24  Overlord  
  124  9:26  Hydralisk x7, Grooved Spines  
  138  9:34  Drone x6  
  144  9:40  Spore Crawler  
  144  9:42  Spore Crawler  
  140  9:45  Spore Crawler  
  140  9:48  Overlord  
  140  9:52  Queen x2  
  139  9:53  Queen  
  141  10:04  Hydralisk x2  
  141  10:05  Hydralisk x2  
  149  10:17  Drone x2  
  149  10:18  Spore Crawler  
  149  10:19  Spore Crawler  
  149  10:22  Drone x2  
  149  10:23  Drone x2  
  149  10:26  Hatchery, Zerg Missile Weapons Level 1  
  152  10:39  Viper  
  152  10:40  Viper x5  
  169  10:44  Muscular Augments  
  169  10:47  Zerg Ground Armor Level 2  
  167  10:59  Overseer  
  167  11:03  Overlord  
  167  11:07  Drone x2  
  167  11:08  Drone x4  
  173  11:11  Spore Crawler  
  173  11:12  Spore Crawler x2  
  173  11:14  Drone x2  
  173  11:15  Spore Crawler  
  166  11:36  Hydralisk x10  
  182  11:42  Spore Crawler  
  182  11:44  Spore Crawler  
  182  11:45  Spore Crawler  
  179  11:49  Hydralisk  
  179  11:50  Hydralisk x9  
  189  11:56  Extractor  
  189  11:57  Extractor  
  189  11:59  Drone  
  189  12:00  Drone x3  
  189  12:01  Drone x5  
  196  12:04  Drone  
  196  12:05  Drone x3  
  200  12:11  Overseer  
  200  12:12  Overseer  
  200  12:35  Zerg Missile Weapons Level 2  
  138  13:01  Hydralisk x12  
  139  13:21  Queen x5  
  139  13:22  Queen  
  139  13:23  Viper  
  139  13:24  Viper x3  
  139  13:26  Infestor  
  139  13:27  Infestor  
  153  13:30  Extractor x2, Drone x3  
  153  13:31  Drone x3  
  155  13:36  Hydralisk x6  
  167  13:41  Zergling x2  
  167  13:42  Zergling x8  
  172  13:55  Hydralisk  
  172  13:56  Hydralisk x7  
  188  14:10  Zerg Ground Armor Level 3  
  188  14:11  Hatchery  
  188  14:14  Hydralisk x4  
  195  14:22  Hatchery  
  194  14:27  Hydralisk x2  
  194  14:28  Hydralisk  
  152  15:06  Hydralisk x12  
  150  15:10  Hydralisk x6  
  150  15:11  Hydralisk x7  
  150  15:12  Queen x3  
  150  15:13  Queen x2  
  182  15:19  Hydralisk x6  
  194  15:32  Hydralisk  
  194  15:33  Hydralisk x2  
  188  15:50  Hydralisk x7  
  190  16:03  Hydralisk  
  190  16:04  Hydralisk x9  
Show
View Real Time Build Order
Export as new Build Order

PtitDrogo Protoss - Winner!

Build Orders: 1 Gate Expand, Oracle Opening 

Get SALT Encoding   

  12  0:01  Probe (Chrono Boost)  
  13  0:12  Probe (Chrono Boost)  
  14  0:18  Pylon  
  14  0:23  Probe (Chrono Boost)  
  15  0:36  Probe (Chrono Boost)  
  15  0:39  Gateway  
  16  0:42  Assimilator  
  16  0:47  Probe (Chrono Boost)  
  17  0:57  Probe (Chrono Boost)  
  18  1:08  Probe (Chrono Boost)  
  19  1:20  Nexus  
  19  1:22  Probe (Chrono Boost)  
  20  1:33  Cybernetics Core  
  20  1:36  Probe (Chrono Boost)  
  21  1:40  Assimilator  
  21  1:46  Probe (Chrono Boost)  
  22  1:51  Pylon  
  22  1:57  Probe (Chrono Boost)  
  23  2:10  Adept  
  23  2:11  Probe (Chrono Boost)  
  23  2:12  Stargate  
  26  2:16  Warp Gate  
  27  2:23  Probe (Chrono Boost)  
  27  2:32  Probe (Chrono Boost)  
  27  2:34  Probe (Chrono Boost)  
  29  2:43  Probe (Chrono Boost)  
  31  2:44  Probe (Chrono Boost)  
  31  2:49  Pylon  
  31  2:51  Oracle  
  31  2:53  Probe (Chrono Boost)  
  31  2:56  Probe (Chrono Boost)  
  36  3:00  Zealot  
  36  3:05  Probe (Chrono Boost)  
  39  3:12  Mothership Core (Chrono Boost)  
  41  3:17  Probe (Chrono Boost)  
  41  3:19  Gateway  
  42  3:21  Gateway  
  42  3:29  Probe (Chrono Boost)  
  42  3:32  Probe (Chrono Boost)  
  44  3:34  Oracle  
  44  3:41  Probe (Chrono Boost)  
  48  3:44  Probe (Chrono Boost)  
  48  3:45  Pylon  
  49  3:53  Probe (Chrono Boost)  
  51  3:56  Probe (Chrono Boost)  
  53  4:10  Probe x2 (Chrono Boost)  
  53  4:11  Nexus  
  56  4:20  Adept x3  
  56  4:23  Pylon  
  62  4:28  Assimilator x2  
  62  4:37  Probe x2 (Chrono Boost)  
  61  4:39  Pylon  
  61  4:49  Probe x2 (Chrono Boost)  
  64  5:01  Probe x2 (Chrono Boost)  
  64  5:06  Stargate  
  63  5:08  Stargate  
  63  5:13  Probe x2 (Chrono Boost)  
  65  5:21  Forge  
  65  5:22  Adept x3  
  65  5:24  Probe (Chrono Boost)  
  65  5:25  Probe (Chrono Boost)  
  65  5:26  Probe (Chrono Boost)  
  74  5:35  Probe (Chrono Boost)  
  75  5:37  Probe (Chrono Boost), Oracle  
  75  5:38  Probe (Chrono Boost)  
  75  5:40  Pylon  
  80  5:45  Probe (Chrono Boost)  
  80  5:46  Pylon  
  80  5:47  Oracle  
  80  5:48  Pylon  
  80  5:49  Pylon  
  83  5:50  Probe x2 (Chrono Boost)  
  83  5:51  Pylon  
  83  5:52  Assimilator, Oracle  
  83  5:56  Stalker  
  83  5:57  Assimilator  
  91  6:00  Pylon  
  91  6:02  Adept x2  
  95  6:08  Oracle  
  95  6:10  Photon Cannon  
  95  6:11  Probe x3 (Chrono Boost)  
  101  6:23  Probe (Chrono Boost)  
  101  6:24  Oracle  
  105  6:36  Probe (Chrono Boost), Pylon  
  106  6:43  Oracle  
  106  6:47  Oracle  
  112  6:55  Oracle  
  112  7:00  Probe x3 (Chrono Boost)  
  118  7:02  Nexus  
  118  7:05  Pylon  
  118  7:07  Pylon  
  116  7:10  Photon Cannon  
  116  7:12  Probe x2 (Chrono Boost)  
  116  7:13  Pylon  
  116  7:15  Pylon  
  118  7:18  Oracle  
  118  7:23  Oracle  
  118  7:26  Oracle  
  121  7:39  Probe x3 (Chrono Boost), Photon Cannon  
  121  7:40  Photon Cannon  
  121  7:41  Photon Cannon  
  121  7:43  Photon Cannon  
  121  7:47  Protoss Air Weapons Level 1  
  121  7:49  Oracle  
  122  7:51  Probe (Chrono Boost), Adept  
  122  7:52  Adept x2  
  122  7:58  Probe x2 (Chrono Boost)  
  133  8:00  Assimilator  
  133  8:03  Probe (Chrono Boost)  
  133  8:04  Assimilator, Fleet Beacon  
  134  8:10  Probe (Chrono Boost), Oracle  
  135  8:15  Oracle  
  138  8:42  Carrier  
  138  8:43  Carrier  
  138  8:55  Carrier  
  150  8:59  Photon Cannon x2  
  150  9:00  Photon Cannon  
  150  9:01  Photon Cannon  
  156  9:02  Photon Cannon  
  156  9:03  Photon Cannon  
  156  9:04  Photon Cannon  
  156  9:06  Photon Cannon  
  156  9:07  Adept x3  
  148  9:14  Pylon x2  
  141  9:29  Zealot x3  
  147  9:33  Photon Cannon  
  147  9:35  Photon Cannon  
  147  9:48  Photon Cannon  
  147  9:57  Carrier x2  
  137  10:09  Zealot x3, Stargate x2  
  137  10:12  Graviton Catapult, Carrier  
  155  10:22  Gateway  
  155  10:23  Gateway  
  155  10:25  Gateway  
  155  10:26  Protoss Air Weapons Level 2  
  161  10:32  Nexus  
  161  10:34  Photon Cannon  
  161  10:35  Pylon  
  161  10:37  Photon Cannon  
  161  10:39  Photon Cannon  
  161  10:40  Photon Cannon  
  159  10:43  Protoss Shields Level 1  
  159  10:57  Photon Cannon  
  159  10:59  Photon Cannon  
  159  11:01  Photon Cannon x2  
  159  11:11  Carrier  
  160  11:20  Probe x2 (Chrono Boost)  
  160  11:22  Carrier  
  160  11:23  Pylon  
  167  11:27  Assimilator, Carrier  
  167  11:28  Zealot  
  167  11:29  Zealot  
  167  11:31  Assimilator  
  171  11:34  Photon Cannon  
  171  11:36  Carrier  
  187  11:45  Twilight Council  
  190  12:24  Carrier  
  194  12:34  Adept x3  
  196  12:47  Carrier x2  
  196  12:49  Carrier  
  196  12:50  Zealot x3  
  189  12:52  Protoss Air Weapons Level 3  
  159  12:59  Zealot x3  
  159  13:02  Carrier  
  159  13:24  Templar Archives  
  159  13:28  Protoss Shields Level 2  
  159  13:34  Photon Cannon  
  159  13:36  Photon Cannon  
  159  13:42  Carrier  
  159  13:50  Psionic Storm  
  165  14:02  High Templar  
  165  14:03  High Templar x5  
  177  14:11  Carrier, Oracle  
  177  14:16  Carrier  
  192  14:28  Carrier  
  196  14:42  High Templar x2  
  192  14:59  Archon x2  
  192  15:03  Oracle  
  184  15:09  Carrier  
  184  15:11  Mothership Core (Chrono Boost)  
  184  15:12  High Templar x2  
  199  15:31  High Templar  
  194  15:56  Archon  
Tags
 
Add a new tag
Caveats
  • Supply blocks, unpowered buildings, or Contaminate may cause inaccurate times.
  • Supply counts are checked every 10 seconds.